 Dungeon Crawl Stone Soup version 0.26-a0-466-g989023bd0d (webtiles) character file.

Game seed: 1294997702793380404

837 sking99 the Skirmisher (level 7, -3/54 HPs)
             Began as an Octopode Wanderer on Aug 8, 2020.
             Was an Initiate of Ru.
             Slain by an ice beast (10 damage)
             ... on level 6 of the Dungeon.
             The game lasted 00:10:59 (6292 turns).

sking99 the Skirmisher (Octopode Wanderer)          Turns: 6292, Time: 00:10:59

Health: -3/54      AC:  2    Str: 15    XL:     7   Next: 99%
Magic:  7/7        EV: 14    Int: 12    God:    Ru [......]
Gold:   373        SH:  0    Dex: 12    Spells: 6/6 levels left

rFire    . . .     SeeInvis .   x - +0 trident
rCold    . . .     Faith    .   (no shield)
rNeg     . . .     Spirit   .   m - +1 hat
rPois    .         Reflect  .   (no amulet)
rElec    .         Harm     .   (no ring)
rCorr    .                      (no ring)
MR       .....                  (no ring)
Stlth    ..........             (no ring)
HPRegen  0.18/turn              (no ring)
MPRegen  0.10/turn              (no ring)
                                (no ring)
                                (no ring)

@: no status effects
A: almost no armour, stealthy swim, amphibious, 8 rings, constrict 8, camouflage
1, gelatinous body 1, no stealth
a: Renounce Religion


You were on level 6 of the Dungeon.
You worshipped Ru.
Ru was noncommittal.
You visited 2 branches of the dungeon, and saw 7 of its levels.

You collected 373 gold pieces.

Inventory:

Hand Weapons
 x - a +0 trident (weapon)
 y - a +0 dagger of electrocution
Missiles
 h - 3 throwing nets (quivered)
Armour
 m - a +1 hat (worn)
Jewellery
 f - a +4 ring of evasion {unknown}
 l - a cursed amulet of inaccuracy {unknown}
 n - a cursed +6 ring of dexterity {unknown}
 s - an uncursed amulet of reflection
 u - a cursed ring of teleportation {unknown}
 v - an uncursed ring of wizardry {unknown}
 z - an uncursed ring of poison resistance {unknown}
 B - a cursed ring of attention {unknown}
Scrolls
 b - 8 scrolls of teleportation
 g - a scroll of fog
 i - 2 scrolls of identify
 k - a scroll of amnesia
 p - 2 scrolls of remove curse
 C - a scroll of blinking
Potions
 a - 2 potions of berserk rage {unknown}
 d - 2 potions of invisibility
 e - a potion of might {unknown}
 j - 2 potions of stabbing
 o - a potion of cancellation {unknown}
 q - a potion of magic {unknown}
 r - 2 potions of heal wounds
 t - 3 potions of curing
 w - a potion of ambrosia {unknown}
 A - a potion of lignification {unknown}
Miscellaneous
 c - a phial of floods


   Skills:
 + Level 7.1 Fighting
   Level 1.0(2.4) Maces & Flails
 * Level 3.9(4.5) Polearms
   Level 3.5(4.4) Staves
 + Level 3.5 Dodging
 + Level 4.2 Evocations


You had 6 spell levels left.
You didn't know any spells.
Your spell library contained the following spells:

 Spells                   Type           Power        Failure   Level
 Animate Skeleton         Necr           #.....       32%         1
 Apportation              Tloc           #.....       32%         1
 Corona                   Hex            #......      32%         1
 Summon Small Mammal      Summ           #...         32%         1


Dungeon Overview and Level Annotations

Branches:
Dungeon (6/15)             Temple (1/1) D:4

Altars:
Ashenzari
Dithmenos
Elyvilon
Fedhas
Gozag
Hepliaklqana
Makhleb
Okawaru
Ru
Sif Muna
Trog
Wu Jian
Xom

Annotations:
D:1 1 runed translucent door
D:5 2 transporters, Lanoc's ghost, weakling MiDe


Innate Abilities, Weirdness & Mutations

You cannot wear most types of armour.
You are very stealthy in the water. (Stealth+)
You are amphibious.
You can wear up to eight rings at the same time.
You can use your tentacles to constrict eight enemies at once.
Your skin changes colour to match your surroundings (Stealth+).
Your rubbery body absorbs attacks. (AC +1, EV +1)
You cannot be stealthy.


Message History

The ice beast hits you. The ice beast freezes you!
You hit the ice beast but do no damage.
The ice beast is lightly wounded.
The ice beast hits you. The ice beast freezes you!
* * * LOW HITPOINT WARNING * * *
You hit the ice beast.
The ice beast is moderately wounded.
The ice beast hits you but does no damage.
You puncture the ice beast! Your squeeze misses the ice beast.
The ice beast is heavily wounded.
The ice beast completely misses you.
You closely miss the ice beast.
The ice beast is heavily wounded.
The ice beast closely misses you.
You puncture the ice beast!
The ice beast is almost dead.
The ice beast hits you.
* * * LOW HITPOINT WARNING * * *
The ice beast freezes you!
You die...

#####
#.@.#
#Y#.#
#.#<#
#.###
#. ..
##


You could see an ice beast.

Vanquished Creatures
  Grinder (D:4)
  An ice beast (D:5)
  An elf zombie (D:4)
  2 human zombies (D:4)
  A jelly (D:3)
  3 hounds
  A human skeleton (D:4)
  Natasha (thrice) (D:4)
  3 orc wizards
  A worker ant (D:4)
  2 adders
  An ufetubus (D:5)
  A worm (D:3)
  4 leopard geckos
  10 orcs
  A ball python (D:2)
  3 giant cockroaches
  9 goblins
  8 hobgoblins
  3 jackals (D:3)
  3 quokkas
  A ball python skeleton (D:4)
  5 bats
  4 frilled lizards
  4 kobolds
  2 orc zombies (D:4)
  8 rats
86 creatures vanquished.

Notes
Turn   | Place    | Note
-------+----------+-------------------------------------------
     0 | D:1      | sking99 the Octopode Wanderer began the quest for the Orb.
     0 | D:1      | sking99 set off with the following items: a +0
                  | quarterstaff, a scroll of teleportation, a phial of floods
     0 | D:1      | Reached XP level 1. HP: 19/19 MP: 1/1
     3 | D:1      | Found a runed translucent door.
     3 | D:1      | Noticed a jelly
   237 | D:1      | Reached XP level 2. HP: 25/25 MP: 2/2
  1190 | D:2      | Reached skill level 1 in Dodging
  1190 | D:2      | Reached XP level 3. HP: 24/30 MP: 3/3
  1472 | D:2      | Reached XP level 4. HP: 29/36 MP: 4/4
  1926 | D:2      | Reached XP level 5. HP: 23/42 MP: 5/5
  3329 | D:4      | Found a staircase to the Ecumenical Temple.
  3337 | Temple   | Entered the Ecumenical Temple
  3468 | Temple   | Became a worshipper of Ru the Awakened
  3490 | D:4      | Reached XP level 6. HP: 32/47 MP: 6/6
  3705 | D:4      | Noticed Grinder
  3721 | D:4      | Paralysed by Grinder for 7 turns
  3739 | D:4      | Killed Grinder
  3739 | D:4      | Reached XP level 7. HP: 32/53 MP: 7/7
  3739 | D:4      | Noticed Natasha
  3748 | D:4      | Killed Natasha
  3772 | D:4      | Noticed Natasha
  4067 | D:4      | Killed Natasha
  4153 | D:4      | Found a shadowy altar of Dithmenos.
  4605 | D:4      | Noticed Natasha
  4612 | D:4      | Killed Natasha
  4612 | D:4      | Reached skill level 7 in Fighting
  5124 | D:5      | Entered Level 5 of the Dungeon
  5161 | D:5      | Found a shimmering altar of Xom.
  5162 | D:5      | Found a hazy altar of Hepliaklqana.
  5162 | D:5      | Noticed a tentacled monstrosity
  5163 | D:5      | Noticed a spectral ugly thing
  5289 | D:5      | Found a shimmering altar of Xom.
  5303 | D:5      | Gained mutation: You cannot be stealthy. [Ru sacrifice]
  5435 | D:5      | Found an opulent altar of Gozag.
  6075 | D:5      | Found a transporter.
  6077 | D:5      | Found a transporter.
  6077 | D:5      | Noticed Lanoc's ghost (weakling MiDe)
  6292 | D:6      | Slain by an ice beast

Illustrated notes

Levels and vault maps discovered:
D:1:      dpeg_arrival_caged_fury, layout_basic
D:2:      minmay_recursive_quarters, layout_basic
D:3:      layout_basic
D:4:      layout_basic, lemuel_round_altar, minmay_temple_entry_stoned_glass,
          nicolae_ossuary_entry_catacombs, uniq_natasha, uniq_grinder
D:5:      layout_basic, regret_index_temple_of_mockery,
          nicolae_gozag_cash_rules_everything_around_me,
          gammafunk_ghost_mausoleum, basic_altar
D:6:      layout_basic, basic_altar, uniq_maggie
Temple:   nicolae_temple_figure_zero

Skill      XL: |  1  2  3  4  5  6  7 |
---------------+----------------------+-----
Staves         | 2 3 |  3.5
Dodging        | 1 2 3 |  3.5
Evocations     | 2 3 4 |  4.2
Polearms       | 2 3 |  3.9
Fighting       | 7 |  7.1
Stealth        | 0 |  0.0
Maces & Flails | |  1.0

Action                   |  1- 3 |  4- 6 |  7- 9 || total
-------------------------+-------+-------+-------++-------
Melee: Quarterstaff      |    49 |    53 |       ||   102
       Constrict         |    12 |    22 |    15 ||    49
       Tentacles         |     7 |    19 |    19 ||    45
       Trident           |       |    24 |   104 ||   128
Invok: Sacrifice Stealth |       |       |     1 ||     1
Evoke: Phial of floods   |       |     1 |       ||     1
  Use: Scroll            |       |    12 |     1 ||    13
 Stab: Sleeping          |     5 |     4 |     4 ||    13
Armor: Skin              |     2 |     2 |     3 ||     7
Dodge: Dodged            |    27 |    40 |    34 ||   101

Table legend: (Time is in decaauts)
 A = Elapsed time spent in this place.
 B = Non-inter-level travel time spent in this place.
 C = Inter-level travel time spent in this place.
 D = Time resting spent in this place.
 E = Time spent auto-exploring this place.
 F = Levels seen in this place.
 G = Mean time per level.
                   A        B        C        D        E       F      G
               +--------+--------+--------+--------+--------+-----+--------+
         Total |   6324 |   6097 |    227 |   1619 |   3693 |   7 |  903.4 |
       Dungeon |   5902 |   5675 |    227 |   1340 |   3586 |   6 |  983.7 |
        Temple |    422 |    422 |      0 |    279 |    107 |   1 |  422.0 |
               +--------+--------+--------+--------+--------+-----+--------+

Top non-repeatable levels by time:
     D:4: 1402 daAuts
     D:5: 1159 daAuts
     D:1: 1145 daAuts
     D:2: 1117 daAuts
     D:3: 1065 daAuts
  Temple: 422 daAuts
     D:6: 11 daAuts
